 Dungeon Crawl Stone Soup version 0.29-a0-284-gf9362112df (webtiles) character file.

Game seed: 13593652892426041105

191 horus123 the Ogre Mage (level 5, -4/45 HPs)
             Began as an Ogre Conjurer on Mar 16, 2022.
             Killed by divine providence
             ... invoked by an orc priest
              (12 damage)
             ... on level 3 of the Dungeon.
             The game lasted 00:04:12 (2794 turns).

horus123 the Ogre Mage (Ogre Conjurer)              Turns: 2794, Time: 00:04:13

Health: -4/45      AC:  3    Str: 11    XL:     5   Next: 70%
Magic:  9/13       EV:  9    Int: 21    God:
Gold:   121        SH:  0    Dex:  7    Spells: 5/16 levels left

rFire   . . .      SeeInvis .   f - +0 demon trident (vorpal)
rCold   + . .      Faith    .   (no shield)
rNeg    + . .      Spirit   .   a - +0 robe
rPois   .          Reflect  .   (helmet restricted)
rElec   .          Harm     .   (no cloak)
rCorr   .          Rampage  .   (gloves unavailable)
Will    .....                   (boots unavailable)
Stlth   +.........              (no amulet)
HPRegen 0.15/turn               d - ring of positive energy
MPRegen 0.13/turn               g - ring of protection from cold

@: no status effects
A: large, unfitting armour, tough skin 1
a: no special abilities


You were on level 3 of the Dungeon.
You visited 1 branch of the dungeon, and saw 3 of its levels.

You collected 121 gold pieces.

Inventory:

Hand Weapons
 f - a +0 vorpal demon trident (weapon)
Armour
 a - a +0 robe (worn)
Jewellery
 d - a ring of positive energy (left hand)
 g - a ring of protection from cold (right hand)
 p - an amulet of faith
Scrolls
 e - 2 scrolls of magic mapping
 j - a scroll of fog {unknown}
 k - a scroll of enchant weapon {unknown}
 l - 3 scrolls of teleportation
 m - a scroll of fear {unknown}
 n - a scroll of amnesia {unknown}
Potions
 c - a potion of attraction {unknown}
 h - a potion of lignification {unknown}
 i - 2 potions of curing
 o - a potion of brilliance {unknown}


   Skills:
 - Level 1.7 Dodging
 - Level 1.4 Stealth
 - Level 6.0 Spellcasting
 + Level 4.1 Conjurations


You had 5 spell levels left.
You knew the following spells:

 Your Spells              Type           Power      Damage    Failure   Level
a - Magic Dart            Conj           92%        1d7       1%          1
b - Searing Ray           Conj           46%        2d6       2%          2
c - Hailstorm             Conj/Ice       14%        3d5       38%         4
d - Ice Form              Ice/Tmut       6%         N/A       67%         4

Your spell library contained the following spells:

 Spells                   Type           Power      Damage    Failure   Level
 Dazzling Flash           Conj/Hex       28%        N/A       13%         3
 Call Imp                 Summ           6%         N/A       14%         2
 Mephitic Cloud           Conj/Pois/Air  12%        N/A       17%         3
 Fulminant Prism          Conj/Hex       7%         3d7       38%         4
 Iskenderun's Mystic Bla  Conj/Tloc      14%        2d5       38%         4
 Simulacrum               Ice/Necr       3%         N/A       100%        6


Dungeon Overview and Level Annotations

Branches:
Dungeon (3/15)

Altars:
Ru
Trog


Innate Abilities, Weirdness & Mutations

You are too large for most types of armour.
You have tough skin. (AC +1)


Message History

(Press . to maintain the ray.)
You feel sick.
You feel sick.
You are no longer poisoned.
The searing ray hits the hobgoblin!
You kill the hobgoblin!
Your magical contamination has completely faded away.
The orc priest invokes the aid of Beogh against you.
Beogh smites you! Magic courses through your body.
The endoplasm quivers.
Casting: Searing Ray (safe; 2% risk of failure)
Confirm with . or Enter, or press ? or * to list all spells.
Aiming: Searing Ray (safe; 2% risk of failure)
Press: ? - help, Shift-Dir - straight line, f - orc priest
Aim: an orc priest, wielding a +0 mace (78% to hit)
The searing ray hits the orc priest.
The orc priest is moderately wounded. (Press . to maintain the ray.) Unknown command.
The searing ray hits the orc priest.
The orc priest is heavily wounded.
The searing ray hits the endoplasm.
The endoplasm is heavily wounded.
The orc priest calls down the wrath of Beogh upon you.
Pain shoots through your body!
* * * LOW HITPOINT WARNING * * *
The searing ray hits the orc priest.
The orc priest is heavily wounded.
The searing ray hits the endoplasm!
You kill the endoplasm!
The orc priest invokes the aid of Beogh against you.
Pain shoots through your body!
* * * LOW HITPOINT WARNING * * *
The searing ray hits the orc priest.
The orc priest is almost dead.
You finish channelling your searing ray.
The orc priest calls down the wrath of Beogh upon you.
Beogh smites you!
You die... ## PPP

#### ..PP##..###
._PP...#..######
...P#####......##### ...
#####...)...)..#
#####.....#.##.###.#
##.#...........###.#######
.....).......>..@.o...)))#
#..#.####..##..###.#.###.#
...#.####..##..# #)#<###.#
...#.##.....#..###.#.##.o#
...#.##.###.#.#....#.##'#####...
........# #.#..#####.###.o.og#
........###....# #.# #.###o#
......#.....#..# #.# #..
.)##..###..##..# ###o


You could see an orc priest.

Vanquished Creatures
  A black bear (D:3)
  An orc wizard (D:3)
  3 adders (D:3)
  A worm (D:2)
  A dart slug (D:2)
  4 orcs (D:3)
  A ball python (D:1)
  3 bats
  2 endoplasms (D:3)
  4 giant cockroaches
  5 goblins
  3 hobgoblins
  4 kobolds
  2 quokkas
  4 frilled lizards
  2 rats (D:1)
41 creatures vanquished.

Notes
Turn   | Place    | Note
-------+----------+-------------------------------------------
     0 | D:1      | horus123 the Ogre Conjurer began the quest for the Orb.
     0 | D:1      | Reached XP level 1. HP: 16/16 MP: 3/3
   450 | D:1      | Reached skill level 3 in Spellcasting
   477 | D:1      | Reached XP level 2. HP: 24/24 MP: 3/6
   794 | D:2      | Found a bloodstained altar of Trog.
  1133 | D:2      | Learned a level 2 spell: Searing Ray
  1505 | D:2      | Reached XP level 3. HP: 31/31 MP: 6/8
  1645 | D:2      | Reached skill level 4 in Spellcasting
  1795 | D:3      | Noticed a black bear
  1804 | D:3      | Killed a black bear
  1805 | D:3      | Reached skill level 5 in Spellcasting
  1805 | D:3      | Reached XP level 4. HP: 3/39 MP: 1/11
  1805 | D:3      | Reached XP level 5. HP: 4/45 MP: 1/13
  2714 | D:3      | Reached skill level 6 in Spellcasting
  2719 | D:3      | Learned a level 4 spell: Hailstorm
  2724 | D:3      | Learned a level 4 spell: Ice Form
  2738 | D:3      | Found a sacrificial altar of Ru.
  2794 | D:3      | Killed from afar by an orc priest

Illustrated notes

Levels and vault maps discovered:
D:1:      matt_arrival_los_fun, layout_basic, minmay_tetromino_s4
D:2:      layout_basic, basic_altar
D:3:      layout_loops_ring, mainiacjoe_overflow_swirl,
          nicolae_ru_the_path_less_chosen, chequers_mini_garden,
          uniq_crazy_yiuf_cottage

Skill      XL: |  1  2  3  4  5 |
---------------+----------------+-----
Spellcasting   | 3 5 6 |  6.0
Conjurations   | 4 |  4.1
Dodging        | |  1.7
Stealth        | |  1.4

Action                   |  1- 3 |  4- 6 || total
-------------------------+-------+-------++-------
Melee: Demon trident     |    21 |     5 ||    26
 Cast: Magic Dart        |    30 |    26 ||    56
       Searing Ray       |     2 |     3 ||     5
  Use: Scroll            |     5 |       ||     5
       Potion            |       |     1 ||     1
 Stab: Sleeping          |       |     1 ||     1
Armor: Robe              |     8 |     6 ||    14
Dodge: Dodged            |    18 |     6 ||    24

Table legend: (Time is in decaauts)
 A = Elapsed time spent in this place.
 B = Non-inter-level travel time spent in this place.
 C = Inter-level travel time spent in this place.
 D = Time resting spent in this place.
 E = Time spent auto-exploring this place.
 F = Levels seen in this place.
 G = Mean time per level.
                   A        B        C        D        E       F      G
               +--------+--------+--------+--------+--------+-----+--------+
         Total |   2799 |   2738 |     61 |    490 |   1960 |   3 |  933.0 |
       Dungeon |   2799 |   2738 |     61 |    490 |   1960 |   3 |  933.0 |
               +--------+--------+--------+--------+--------+-----+--------+

Top non-repeatable levels by time:
     D:2: 1032 daAuts
     D:3: 1008 daAuts
     D:1: 759 daAuts
